 Dungeon Crawl Stone Soup version 0.28.0-53-g5a82cb258f (webtiles) character file.

Game seed: 3927159042588838218

43 DocClef the Chiller (level 3, -7/25 HPs)
             Began as a Gnoll Ice Elementalist on July 11, 2022.
             Killed by divine providence
             ... invoked by an orc priest
              (12 damage)
             ... on level 3 of the Dungeon.
             The game lasted 00:01:28 (2600 turns).

DocClef the Chiller (Gnoll Ice Elementalist)        Turns: 2600, Time: 00:01:29

Health: -7/25      AC:  9    Str:  7    XL:     3   Next: 58%
Magic:  4/9        EV: 13    Int: 16    God:
Gold:   37         SH:  0    Dex: 12    Spells: 5/12 levels left

rFire   . . .      SeeInvis .   g - +0 trident
rCold   . . .      Faith    .   (no shield)
rNeg    . . .      Spirit   .   a - +0 robe
rPois   .          Reflect  .   (no helmet)
rElec   .          Harm     .   (no cloak)
rCorr   .          Rampage  .   (no gloves)
Will    .....                   (no boots)
Stlth   ++........              (no amulet)
HPRegen 0.08/turn               (no ring)
MPRegen 0.11/turn               (no ring)

@: ice-armoured
A: fangs 1, strong nose, distributed training
a: no special abilities


You were on level 3 of the Dungeon.
You visited 1 branch of the dungeon, and saw 3 of its levels.

You collected 37 gold pieces.

Inventory:

Hand Weapons
 g - a +0 trident (weapon)
Armour
 a - a +0 robe (worn)
Jewellery
 b - an amulet of the acrobat
Scrolls
 d - a scroll of magic mapping {unknown}
 e - 3 scrolls of identify {unknown}
 f - a scroll of silence {unknown}
 h - a scroll of brand weapon {unknown}
Potions
 c - 4 potions of curing {unknown}
 i - a potion of ambrosia {unknown}


   Skills:
 + Level 0.8 Fighting
 + Level 0.8 Short Blades
 + Level 0.8 Long Blades
 + Level 0.8 Axes
 + Level 0.8 Maces & Flails
 + Level 0.8 Polearms
 + Level 0.8 Staves
 + Level 0.8 Slings
 + Level 0.8 Bows
 + Level 0.8 Crossbows
 + Level 0.8 Throwing
 + Level 0.8 Armour
 + Level 4.5 Dodging
 + Level 4.1 Stealth
 + Level 0.8 Shields
 + Level 0.8 Unarmed Combat
 + Level 5.0 Spellcasting
 + Level 0.5 Conjurations
 + Level 0.5 Hexes
 + Level 0.5 Summonings
 + Level 0.5 Necromancy
 + Level 0.5 Translocations
 + Level 0.5 Transmutations
 + Level 0.5 Fire Magic
 + Level 7.1 Ice Magic
 + Level 0.5 Air Magic
 + Level 0.5 Earth Magic
 + Level 0.5 Poison Magic
 + Level 1.0 Invocations
 + Level 0.8 Evocations


You had 5 spell levels left.
You knew the following spells:

 Your Spells              Type           Power      Damage    Failure   Level
a - Freeze                Ice            100%       1d11      1%          1
b - Frozen Ramparts       Ice            52%        1d7       2%          3
c - Ozocubu's Armour      Ice            26%        N/A       2%          3

Your spell library contained the following spells:

 Spells                   Type           Power      Damage    Failure   Level
 Hailstorm                Conj/Ice       16%        3d6       30%         4
 Summon Guardian Golem    Hex/Summ       5%         N/A       34%         3
 Orb of Destruction       Conj           2%         9d5       100%        7
 Spellforged Servitor     Conj/Summ      2%         N/A       100%        7


Dungeon Overview and Level Annotations

Branches:
Dungeon (3/15)

Altars:


Innate Abilities, Weirdness & Mutations

You have very sharp teeth.
Your uncanny sense of smell can sniff out nearby items.
Your experience applies equally to all skills.


Message History

You now have 37 gold pieces (gained 7). 2 orcs come into view.
The orc shouts!
There are monsters nearby!
An orc and an orc priest come into view.
An orc wizard comes into view. It is wielding a +0 dagger.
You reach to attack!
The orc shouts!
The orc priest shouts!
The orc wizard shouts!
You puncture the orc!
You kill the orc!
Casting: Freeze (safe; 1% risk of failure)
Confirm with . or Enter, or press ? or * to list all spells.
Casting: Frozen Ramparts (dangerous; 2% risk of failure)
Press: ? - help, Dir - look around, f - activate The walls around you are covered in ice.
Casting: Frozen Ramparts (dangerous; 2% risk of failure)
Confirm with . or Enter, or press ? or * to list all spells.
A film of ice covers your body!
The wall freezes the orc!
You kill the orc!
The orc priest invokes the aid of Beogh against you.
Beogh smites you!
Unknown command.
The wall freezes the orc priest.
The wall freezes the orc priest.
The wall freezes the orc wizard.
The orc wizard mumbles some strange words.
The orc wizard flickers and vanishes!
Deactivating autopickup; reactivate with Ctrl-A.
You closely miss the orc priest.
The orc priest is moderately wounded.
The frozen ramparts melt away.
The orc priest mumbles some strange prayers to Beogh against you.
Pain shoots through your body!
* * * LOW HITPOINT WARNING * * *
You are too injured to fight recklessly!
Unknown command.
You closely miss the orc priest.
The orc priest is moderately wounded.
The orc priest invokes the aid of Beogh against you.
Beogh smites you!
You die...

∆ ... ############
... #..........# ...
##.#######.# #.# #.#
...#.# #o#
#.#.###.#.### #)#
#.#.......... #o#
#.#####.#.### ####@#
#.# #.#... #....#
#.#####.#.... #.##?#
#.#.....#....
#.#######.#.#########
#.........#.#
###########.# #.#
#.#########
#..........


You could see an orc priest and an orc.

Vanquished Creatures
  An adder (D:2)
  A dart slug (D:2)
  2 orcs (D:3)
  3 bats
  An endoplasm (D:1)
  A giant cockroach (D:1)
  3 goblins (D:1)
  2 hobgoblins (D:1)
  4 jackals (D:1)
  3 ball pythons
  3 kobolds
  5 rats
29 creatures vanquished.

Notes
Turn   | Place    | Note
-------+----------+-------------------------------------------
     0 | D:1      | DocClef the Gnoll Ice Elementalist began the quest for the
                  | Orb.
     0 | D:1      | Reached XP level 1. HP: 13/13 MP: 6/6
   339 | D:1      | Found a faded altar of an unknown god.
   516 | D:1      | Reached XP level 2. HP: 15/19 MP: 5/7
  1313 | D:1      | Reached XP level 3. HP: 25/25 MP: 7/9
  1419 | D:1      | Learned a level 3 spell: Frozen Ramparts
  1423 | D:1      | Learned a level 3 spell: Ozocubu's Armour
  1862 | D:2      | Reached skill level 5 in Spellcasting
  2195 | D:2      | Reached skill level 1 in Invocations
  2600 | D:3      | Killed from afar by an orc priest

Illustrated notes

Levels and vault maps discovered:
D:1:      lemuel_arrival_lava_pool, layout_basic,
          dilly_ecumenical_altar_fadedgnrine
D:2:      minmay_door_path, layout_loops_corners, moated_statue
D:3:      layout_basic, serial_shops, nicolae_shop_trees,
          gammafunk_ghost_stat_death, supply_closet_lemuel

Skill      XL: |  1  2  3 |
---------------+----------+-----
Spellcasting   | 5 |  5.0
Invocations    | 1 |  1.0
Fighting       | |  0.8
Short Blades   | |  0.8
Long Blades    | |  0.8
Axes           | |  0.8
Maces & Flails | |  0.8
Polearms       | |  0.8
Staves         | |  0.8
Slings         | |  0.8
Bows           | |  0.8
Crossbows      | |  0.8
Throwing       | |  0.8
Armour         | |  0.8
Dodging        | |  4.5
Stealth        | |  4.1
Shields        | |  0.8
Unarmed Combat | |  0.8
Conjurations   | |  0.5
Hexes          | |  0.5
Summonings     | |  0.5
Necromancy     | |  0.5
Translocations | |  0.5
Transmutations | |  0.5
Fire Magic     | |  0.5
Ice Magic      | |  7.1
Air Magic      | |  0.5
Earth Magic    | |  0.5
Poison Magic   | |  0.5
Evocations     | |  0.8

Action                   || total
-------------------------++-------
Melee: Unarmed           ||    26
       Bite              ||     3
       Trident           ||    15
 Cast: Freeze            ||    24
       Ozocubu's Armour  ||     1
       Frozen Ramparts   ||     1
 Stab: Sleeping          ||     7
Armor: Robe              ||     8
Dodge: Dodged            ||    28
